cohdb
Replays
Latest Replays
All Replays
Popular Replays
Top Player Replays
Match Explorer
How It Works
Community
CoH3 Stats
Reddit
Sign in to upload your games and track your stats! →
Sign in with Steam
Match 40891883
Unlisted
Match 40891883
Overview
Messages
Build Orders
End
Construct Section Command Post
Infantry Section
Infantry Section
Dingo Light Scout Car
Infantry Section
Grenade Package
Infantry Section
Selects Canadian Shock Battlegroup
Selects Incendiary Munitions
Construct Platoon Command Post
Selects Attacking Spirit
Unlock M3 Stuart Light Tanks
Selects Canadian Shock Section
M3 Stuart Light Tank
Selects Pyrotechnics
M3 Stuart Light Tank
Light Vehicle Training
Rei
DrinkIIScotch
⚓️Ruby⚓
Dumais
打飞医保卡
Wehearvoices
冥雨
茶靡
0
0
Comments
sign in to comment!
No comments posted yet!